[Event "85th Armenian Mens-ch 2024"]
[Site "Yerevan"]
[Date "2024.11.27"]
[Round "11.1"]
[White "Hakobyan, Erik"]
[Black "Sargsyan, Sargis Vach."]
[Result "1/2-1/2"]
[ECO "D37"]
[WhiteElo "2409"]
[BlackElo "2321"]
[Annotator "RC"]
[PlyCount "86"]
[EventDate "2024.11.24"]
[EventCountry "ARM"]
[SourceTitle "playchess.com"]
[Source "ChessBase"]
[SourceQuality "1"]
[TimeControl "40/5400+30:1800+30"]

1. d4 Nf6 2. c4 e6 3. Nf3 d5 4. Nc3 Be7 5. Bf4 O-O 6. e3 c5 7. dxc5 Bxc5 8. Qc2 Nc6 9. Rd1 Qa5 10. a3 h6 11. Nd2 d4 12. Nb3 Qb6 13. Nxc5 Qxc5 14. b4 Qe7 15. exd4 a5 16. c5 axb4 17. axb4 Nd5 18. Bd6 Qf6 19. Qd2 Nxc3 20. Qxc3 Ra2 21. Be2 Re8 22. Be5 Qf5 23. Bf3 Bd7 24. O-O Rea8 25. Qe1 Nxe5 26. Qxe5 Qxe5 27. dxe5 Bc6 28. Bxc6 bxc6 29. g3 Rb8 30. Rd4 Rb2 31. Ra1 R2xb4 32. Rxb4 Rxb4 33. Ra6 Re4 34. f4 g5 35. Rxc6 gxf4 36. Rc8+ Kg7 37. gxf4 Rxf4 38. c6 Rc4 39. c7 Rc2 40. h4 Kh7 41. Kf1 Kg7 42. Ke1 Rc5 43. Kf2 Rc3 1/2-1/2

[Event "85th Armenian Mens-ch 2024"]
[Site "Yerevan"]
[Date "2024.12.04"]
[Round "11.1"]
[White "Hakobyan, Erik"]
[Black "Sargsyan, Sargis Vach."]
[Result "1/2-1/2"]
[ECO "C54"]
[WhiteElo "2409"]
[BlackElo "2321"]
[Annotator "TA"]
[PlyCount "36"]
[EventDate "2024.11.24"]
[EventCountry "ARM"]
[SourceTitle "playchess.com"]
[Source "ChessBase"]
[SourceQuality "1"]
[TimeControl "40/5400+30:1800+30"]

1. e4 e5 2. Nf3 Nc6 3. Bc4 Bc5 4. c3 Nf6 5. d3 O-O 6. b4 Be7 7. Bd2 d6 8. h3 Be6 9. Bxe6 {[%emt 0:01:06] White is slightly better.} fxe6 10. O-O a5 11. b5 Nb8 12. Re1 Qe8 13. d4 Qxb5 {[%emt 0:06:21] The position is equal.} 14. Na3 Qc6 15. Qb3 Nxe4 16. Qxe6+ Rf7 17. d5 {[%emt 0:03:47] Some like it hot} Qa4 {[%emt 0:00:05][%cal Oe4c5] [#] White must now prevent ...Nc5!} 18. Qc8+ Rf8 $1 {[%emt 0:00:05] Weighted Error Value: White=0.06 (flawless) /Black=0.10 (very precise) .  Inaccurate:     	White=1     	Black=2      OK:         	White=7     	Black=3      Best:        	---       	Black=2      Strong:       	---       	Black=1} 1/2-1/2

[Event "85th Armenian Mens-ch 2024"]
[Site "Yerevan"]
[Date "2024.12.04"]
[Round "11.2"]
[White "Piliposyan, Robert"]
[Black "Sukiasyan, Vahe A."]
[Result "1/2-1/2"]
[ECO "E72"]
[WhiteElo "2418"]
[BlackElo "2368"]
[Annotator "TA"]
[PlyCount "64"]
[EventDate "2024.11.24"]
[EventCountry "ARM"]
[SourceTitle "playchess.com"]
[Source "ChessBase"]
[SourceQuality "1"]
[TimeControl "40/5400+30:1800+30"]

1. d4 Nf6 2. c4 g6 3. Nc3 Bg7 4. e4 d6 5. Nge2 O-O 6. h3 a6 7. g3 Nbd7 8. Bg2 c6 9. O-O e5 10. Be3 b5 (10... Re8 $11) 11. c5 $1 $16 exd4 12. Nxd4 Bb7 13. cxd6 b4 14. Na4 c5 15. Nb3 Nxe4 16. Rc1 (16. Naxc5 Nexc5 17. Nxc5 (17. Bxc5 Bxg2 18. Kxg2 Bxb2 $11) 17... Bxg2 18. Kxg2 Bxb2 $16) (16. Bxe4 Bxe4 17. Naxc5 (17. Bxc5 $2 Bc6 $19) 17... Nxc5 18. Nxc5) 16... Rc8 17. Nbxc5 (17. Naxc5 Nexc5 18. Nxc5 Bxg2 19. Kxg2 Bxb2 $16) (17. Naxc5 {is interesting.} Nexc5 18. Nxc5 Bxg2 19. Kxg2 Bxb2 20. Rc2) 17... Nexc5 18. Nxc5 Bxg2 19. Kxg2 Bxb2 20. Rc2 $36 {[%emt 0:00:23][%mdl 2048] White is on the roll.} Bc3 ({Black should play} 20... Nxc5 21. Rxc5 (21. Bxc5 Bc3 $14) 21... Rxc5 22. Bxc5 Qd7) 21. Nxa6 {[%emt 0:00:23] White has more active pieces.} Nf6 22. Nc5 Rc6 23. d7 Rc7 (23... Qa8 $142 24. Nb7 Qxb7) 24. Bh6 $1 $18 (24. Qf3 Nxd7 25. Nd3 Qe7 $14) 24... Qa8+ (24... Rxc5 $142 25. Bxf8 Qa8+ (25... Rd5 26. Bxb4 Rxd1 27. Rxd1 $18) 26. Kg1 Rd5) 25. Kh2 Rd8 $2 {[%emt 0:00:04] [#]} (25... Rxc5 {was necessary.} 26. Bxf8 Rd5 27. Bxb4 Rxd1 28. Rxd1 Nxd7) 26. Bg5 $1 Qc6 $16 27. Bxf6 ({White should try} 27. Qe2 $16 {[%cal Oa2a3] And now a3! would win.} Qxc5 28. Bxf6 Rdxd7 29. Rfc1) 27... Qxf6 $11 28. Qd5 Qe7 $1 {[%emt 0:01:04] Wards off Re2} 29. Nb3 Rcxd7 30. Qc4 Rd3 31. a3 $1 Rd1 32. axb4 Rxf1 1/2-1/2

[Event "85th Armenian Mens-ch 2024"]
[Site "Yerevan"]
[Date "2024.12.04"]
[Round "11.3"]
[White "Gasparyan, Erik R."]
[Black "Pogosyan, Stefan"]
[Result "1/2-1/2"]
[ECO "C84"]
[WhiteElo "2371"]
[BlackElo "2407"]
[Annotator "TA"]
[PlyCount "76"]
[EventDate "2024.11.24"]
[EventCountry "ARM"]
[SourceTitle "playchess.com"]
[Source "ChessBase"]
[SourceQuality "1"]
[TimeControl "40/5400+30:1800+30"]

1. e4 e5 2. Nf3 Nc6 3. Bb5 a6 4. Ba4 Nf6 5. Nc3 b5 6. Bb3 Be7 7. O-O d6 8. a4 b4 9. Nd5 Na5 10. Ba2 c5 11. Nxf6+ Bxf6 12. Bd5 Rb8 13. d3 Bb7 14. Bxb7 Rxb7 15. Nd2 O-O 16. Nc4 Nc6 17. b3 d5 18. exd5 Qxd5 19. Bb2 Bg5 20. Qg4 Bd8 21. Rae1 Bc7 (21... f5 $14 22. Qg3 (22. Qe2 Re7 $11) 22... f4) 22. Ne3 $36 {[%emt 0:01:16][%mdl 2048] Keeping Black busy.} Qd8 23. Qc4 {[%emt 0:00:22] White is more active.} Nd4 24. Qxc5 Bd6 25. Qd5 Rd7 26. g3 Qc8 ({Better is} 26... Bb8 27. Qa8 Ba7 28. Qxd8 Rfxd8 (28... Nf3+ 29. Kh1 $16) 29. Bxd4 Bxd4) 27. Qh1 (27. Bxd4 $16 exd4 28. Qxd4 Bxg3 29. Qxb4) 27... Bc5 $1 $14 (27... Nxc2 $2 {perishes.} 28. Rc1 $18) 28. Bxd4 Bxd4 29. Nc4 Qc5 30. Re2 f5 31. Qf3 {[%emt 0:02:18] The position is equal.} Re7 32. Kg2 g6 33. Kh1 Kg7 34. Qg2 f4 {[%emt 0:00:11] [#] ...f3 would now be deadly.} 35. f3 fxg3 36. Qxg3 Rf5 37. Re4 Ref7 38. Kg2 Qe7 {[%emt 0:01:10] Weighted Error Value: White=0.08 (flawless) /Black=0.09 (flawless) .  Mistake:       	White=1     	Black=2      Inaccurate:     	White=2     	---        OK:         	White=10    	Black=14     Best:        	---       	Black=1      Strong:       	---       	Black=1} 1/2-1/2

[Event "85th Armenian Mens-ch 2024"]
[Site "Yerevan"]
[Date "2024.11.27"]
[Round "11.3"]
[White "Gasparyan, Erik R."]
[Black "Pogosyan, Stefan"]
[Result "*"]
[ECO "D85"]
[WhiteElo "2371"]
[BlackElo "2407"]
[Annotator "TA"]
[PlyCount "79"]
[EventDate "2024.11.24"]
[EventCountry "ARM"]
[SourceTitle "playchess.com"]
[Source "ChessBase"]
[SourceQuality "1"]
[TimeControl "40/5400+30:1800+30"]

1. d4 Nf6 2. c4 g6 3. Nc3 d5 4. cxd5 Nxd5 5. Bd2 c5 6. e4 Nxc3 7. Bxc3 cxd4 8. Qxd4 Qxd4 9. Bxd4 f6 10. Bc4 Nc6 11. Be3 f5 12. Nf3 Bg7 13. O-O-O fxe4 14. Ng5 Bg4 15. Rd2 Ne5 16. Bd5 O-O-O 17. Kb1 Kb8 18. h3 Bf5 19. g4 Bc8 (19... Nd3 $6 20. Bb3 Bd7 21. Rhd1 $16 (21. Nxe4 Bc6 $11) (21. Nf7 Rdf8 $16)) 20. Rhd1 (20. Bxe4 Rxd2 21. Bxd2 h6 $17) (20. Nxe4 h5 21. Ng3 hxg4 22. hxg4 Nxg4 (22... Rxh1+ 23. Bxh1 Rxd2 24. Bxd2 $17) 23. Rxh8 Rxh8 24. Bf4+ Ka8) 20... h6 21. Nxe4 (21. Bxe4 $2 Rxd2 22. Rxd2 hxg5 $19) 21... h5 22. Ng5 hxg4 23. Bf4 (23. hxg4 Bxg4 24. f3 Bf5+ 25. Ka1 Rh4 $17) 23... Bf5+ (23... gxh3 $6 24. Nf7 Rdf8 (24... Bf5+ 25. Ka1 $16) 25. Bxe5+ Bxe5 26. Nxe5 $16) ({Black should try} 23... Rhf8 $1 $15 24. Bg3 gxh3) 24. Ka1 $11 Rd6 (24... gxh3 25. Nf7 a5 (25... Rxd5 $2 26. Rxd5 Rh4 27. Bg3 $18) 26. Nxe5 $18 (26. Bxe5+ Bxe5 27. Nxe5 h2 $11)) (24... e6 $1 $11 {remains equal.} 25. Nf7 (25. Bxe6 Rxd2 26. Rxd2 gxh3 $17) (25. Nxe6 Bxe6 26. Bxe6 Rxd2 $15) 25... exd5 (25... Rxd5 26. Nxh8 Bxh8 27. hxg4 $14) 26. Nxe5 Ka8) 25. hxg4 Bxg4 {[%emt 0:00:38] [#]} 26. Re1 (26. f3 $1 $16 Rf8 27. Nf7 (27. Bxe5 Bxe5 28. fxg4 Bf4 $11) 27... Nxf7 (27... Rxf7 $2 28. Bxf7 Nxf3 29. Bxd6+ $18) (27... Bxf3 28. Nxe5 Rxf4 29. Nxf3 $11) (27... Nxf3 28. Bxf3 Bxf3 29. Rxd6 $18) 28. Bxd6+ (28. fxg4 Be5 $11) 28... Nxd6 29. fxg4) 26... Ka8 $2 (26... e6 $1 $11 {and Black has nothing to worry.}) 27. a3 (27. Rxe5 $2 Bxe5 (27... Rxd5 28. Rexd5 Rh1+ 29. Rd1 $15) 28. Bxe5 Rxd5 29. Bxh8 Rxd2 $19) 27... Rhd8 28. Bxe5 Bxe5 (28... Rxd5 $2 29. Rxd5 Rxd5 30. Bxg7 $18) 29. Rxe5 e6 {[%emt 0:01:06] [#]} 30. Bxe6 $1 (30. Nxe6 $6 Bxe6 31. Rxe6 Rxe6 32. Bxb7+ Kxb7 $16) 30... Rxd2 31. Bxg4 Rxf2 32. Bf3 Rfd2 (32... a5 $16) 33. Ne6 $18 Rg8 $2 (33... R8d6 {was necessary.} 34. Nc5 Kb8) 34. Rb5 $18 Rd7 35. Nc5 a6 36. Rb6 ({Not} 36. Nxa6 Re7 37. Nc5 Rgg7 $18) 36... Rdd8 37. Bxb7+ (37. Rxb7 $142 Rdf8 38. Be4 (38. Rf7+ Kb8 $18) 38... Rf1+ 39. Ka2) 37... Ka7 38. Rxa6+ Kb8 39. Ra8+ Kc7 40. Ne6+ *

[Event "85th Armenian Mens-ch 2024"]
[Site "Yerevan"]
[Date "2024.11.27"]
[Round "11.4"]
[White "Gharibyan, Mamikon"]
[Black "Shahinyan, Vladimir"]
[Result "1-0"]
[ECO "B30"]
[WhiteElo "2462"]
[BlackElo "2161"]
[Annotator "TA"]
[PlyCount "45"]
[EventDate "2024.11.24"]
[EventCountry "ARM"]
[SourceTitle "playchess.com"]
[Source "ChessBase"]
[SourceQuality "1"]
[TimeControl "40/5400+30:1800+30"]

1. e4 c5 2. Nf3 Nc6 3. Bb5 e6 4. O-O Nge7 5. Re1 b6 (5... a6 $11 6. Bf1 d5) 6. c3 $14 a6 7. Bxc6 (7. Ba4 $14) 7... Nxc6 $11 8. d4 {[%emt 0:00:05][%cal Bd2d4,Bd4d5,Bd5d6,Bd6d7][%mdl 32] The position is equal.} d5 9. exd5 Qxd5 10. c4 Qf5 (10... Qxc4 $11 {keeps the balance.} 11. b3 Qd5) 11. Nc3 $16 {[%emt 0:09:49][%cal Bb1c3,Bc3e4,Be4g3][%mdl 32] aiming for Nd5.} Be7 (11... Nxd4 $16 12. Nxd4 cxd4) 12. d5 $18 Nb4 {[%emt 0:01:05] [#]} (12... Nd4 $142) 13. Ne4 $1 a5 $2 (13... exd5 $2 {is the wrong capture.} 14. Nd6+ Kf8 15. Nxf5 $18) (13... Bb7 {might work better.} 14. Bg5 Bxd5 (14... exd5 $2 {too greedy.} 15. Nd6+ Kd7 16. Nxf5 $18)) 14. a3 {[%emt 0:00:14] White is clearly winning.} Na6 (14... O-O $142 15. axb4 cxb4) 15. d6 Bf8 16. Ng3 Qf6 17. Bg5 Qxb2 18. Ne5 {[%emt 0:05:09] White threatens d7+ and mate.} Nb8 19. Qf3 Ra7 {[%emt 0:00:03] [#]} 20. d7+ $1 Rxd7 21. Nxd7 Bxd7 22. Rab1 Qd4 23. Rxb6 {[%emt 0:00:15] Weighted Error Value: White=0.07 (flawless) /Black=0.93.  Mistake:       	White=1     	Black=5      OK:         	White=5     	Black=3      Best:        	White=1     	---        Strong:       	White=1     	---} 1-0

[Event "85th Armenian Mens-ch 2024"]
[Site "Yerevan"]
[Date "2024.12.04"]
[Round "11.4"]
[White "Gharibyan, Mamikon"]
[Black "Shahinyan, Vladimir"]
[Result "1-0"]
[ECO "B52"]
[WhiteElo "2462"]
[BlackElo "2161"]
[Annotator "TA"]
[PlyCount "79"]
[EventDate "2024.11.24"]
[EventCountry "ARM"]
[SourceTitle "playchess.com"]
[Source "ChessBase"]
[SourceQuality "1"]
[TimeControl "40/5400+30:1800+30"]

1. e4 c5 2. Nf3 d6 3. Bb5+ Bd7 4. Bxd7+ Qxd7 5. c4 Nf6 6. Nc3 g6 7. d4 cxd4 8. Nxd4 Bg7 9. f3 O-O 10. Be3 Nc6 11. O-O Rac8 12. b3 e6 13. Rc1 Rfd8 14. Re1 d5 15. cxd5 exd5 16. Nxc6 bxc6 17. e5 Ne8 18. Bg5 f6 19. Bh4 $36 {[%emt 0:00:30][%mdl 2048] White has some pressure.} g5 20. e6 Qe7 21. Bf2 d4 22. Na4 (22. Bxd4 $2 f5 $19 (22... c5 $2 23. f4 $19)) 22... c5 23. Qd3 Bf8 24. Qa6 {[%emt 0:00:00] White is much more active.} Ng7 {[%emt 0:00:00] [#]} (24... h5 $16) 25. Bxd4 $1 $18 Qd6 26. Qxd6 (26. Nxc5 $2 {is the wrong capture.} Qxd4+ 27. Kh1 Rxc5 $19 (27... Bxc5 $2 28. e7 $19)) 26... Rxd6 27. Rxc5 Re8 28. Bxf6 Rexe6 29. Rxe6 Nxe6 30. Rc2 Rd1+ 31. Kf2 Rh1 32. Be5 Bg7 33. Bxg7 Kxg7 {[%emt 0:00:05][%mdl 4096] Endgame KRN-KRN. White is two pawns up.} 34. Nc5 Nf4 35. Ne4 h6 36. Ng3 Ra1 37. Rd2 Kf6 38. Ne2 Ne6 39. Nc3 Ke5 40. Rd5+ 1-0

[Event "85th Armenian Mens-ch 2024"]
[Site "Yerevan"]
[Date "2024.12.04"]
[Round "11.5"]
[White "Davtyan, Arsen"]
[Black "Sahakyan, Aleks"]
[Result "1/2-1/2"]
[ECO "E05"]
[WhiteElo "2400"]
[BlackElo "2380"]
[Annotator "TA"]
[PlyCount "65"]
[EventDate "2024.11.24"]
[EventCountry "ARM"]
[SourceTitle "playchess.com"]
[Source "ChessBase"]
[SourceQuality "1"]
[TimeControl "40/5400+30:1800+30"]

1. d4 Nf6 2. c4 e6 3. Nf3 d5 4. g3 Be7 5. Bg2 O-O 6. O-O dxc4 7. Qc2 a6 8. a4 Bd7 9. Qxc4 Bc6 10. Bg5 Nbd7 11. Nc3 h6 12. Bxf6 Nxf6 13. Ne5 Bxg2 14. Kxg2 Qd6 15. Rfd1 c5 16. Qxc5 Qxc5 17. dxc5 Bxc5 18. Nd7 Nxd7 19. Rxd7 Rab8 20. Ne4 Bb4 21. Rad1 b5 22. axb5 Rxb5 23. Ra7 a5 24. Rdd7 Re5 25. Kf3 Rf5+ 26. Kg2 Re5 27. f3 Rd5 28. Rxd5 exd5 29. Nf2 Rb8 30. Nd3 Rb5 31. g4 Bc5 32. Ra8+ Kh7 33. Nxc5 {[%emt 0:02:29] Weighted Error Value: White=0.04 (flawless) /Black=0.02 (flawless) .  Inaccurate:     	White=1     	---        OK:         	White=9     	Black=11     Best:        	---       	Black=1} 1/2-1/2

[Event "85th Armenian Mens-ch 2024"]
[Site "Yerevan"]
[Date "2024.11.27"]
[Round "11.5"]
[White "Davtyan, Arsen"]
[Black "Sahakyan, Aleks"]
[Result "*"]
[ECO "C96"]
[WhiteElo "2400"]
[BlackElo "2380"]
[Annotator "TA"]
[PlyCount "91"]
[EventDate "2024.11.24"]
[EventCountry "ARM"]
[SourceTitle "playchess.com"]
[Source "ChessBase"]
[SourceQuality "1"]
[TimeControl "40/5400+30:1800+30"]

1. e4 e5 2. Nf3 Nc6 3. Bb5 a6 4. Ba4 Nf6 5. O-O Be7 6. Re1 b5 7. Bb3 d6 8. c3 O-O 9. h3 Na5 10. Bc2 c5 11. d4 Qc7 12. Nbd2 exd4 13. cxd4 Bb7 (13... cxd4 $11 {should be considered.} 14. Nxd4 Re8) 14. d5 $16 Nd7 15. Nf1 Bf6 16. Ng3 g6 17. Nh2 Nc4 18. Rb1 $1 Bg7 19. b3 Ncb6 $1 20. h4 h5 21. Nf3 Nf6 22. Ng5 (22. Bb2 $14) 22... Rae8 (22... Ng4 $11) 23. Bb2 $14 Nbd7 24. Qd2 Re7 (24... a5 $11) 25. Bd3 Rfe8 26. Rbc1 Ne5 27. Be2 Qb6 28. b4 cxb4 29. Qxb4 Nfg4 ({Better is} 29... Ned7 $14) 30. Bd4 $16 {[%emt 0:04:51][%cal Bb2d4,Bd4b6,Bb6a5][%mdl 32] Active counter play!} Nd3 31. Bxb6 Nxb4 {[%emt 0:00:05] [#]} 32. Ba5 $1 Bd4 {[%emt 0:05:09] [#]} 33. Nh3 $1 $36 {[%emt 0:26:03][%cal Bg5h3,Bh3f4,Bf4d3,Bd3e5][%mdl 2080] Black is under strong pressure.} (33. Bxb4 $2 Bxf2+ (33... Nxf2 $2 34. Kf1 $18) 34. Kf1 Bxg3 35. Bxg4 Bxe1 (35... hxg4 $2 36. Red1 $19) 36. Rxe1 hxg4 $19) (33. Bxg4 Nd3 (33... Nxa2 $2 34. Rc2 $18) 34. Red1 Bxf2+ (34... Nxc1 35. Rxd4 hxg4 36. Rd2 $19) 35. Kf1 Bxg3 36. Rxd3 Bf4 $19 (36... Bxh4 37. Nf3 $16)) 33... Bc5 34. a3 Nxd5 35. exd5 Bxa3 36. Rcd1 Nf6 37. Nf4 Bb2 38. Nd3 Be5 $2 (38... Bd4 $16 {was worth a try.} 39. Bf3 Rxe1+ 40. Nxe1 Ba7) 39. Nxe5 $18 dxe5 40. Bf3 e4 41. Bb4 Rc7 (41... Re5 $142) 42. Nxe4 Nxe4 43. Rxe4 Rxe4 44. Bxe4 {[%emt 0:00:04] Threatens to win with d6.} Rc4 45. d6 {[%emt 0:00:04] Threatening mate with d7.} Bc8 {[%emt 0:00:15] [#]} 46. Bb7 $1 *

[Event "85th Armenian Mens-ch 2024"]
[Site "Yerevan"]
[Date "2024.12.04"]
[Round "11.6"]
[White "Agasarov, Benik"]
[Black "Babujian, Levon"]
[Result "1/2-1/2"]
[ECO "E11"]
[WhiteElo "2410"]
[BlackElo "2330"]
[Annotator "TA"]
[PlyCount "180"]
[EventDate "2024.11.24"]
[EventCountry "ARM"]
[SourceTitle "playchess.com"]
[Source "ChessBase"]
[SourceQuality "1"]
[TimeControl "40/5400+30:1800+30"]

1. d4 Nf6 2. c4 e6 3. Nf3 Bb4+ 4. Bd2 c5 5. Bxb4 cxb4 6. e3 b6 7. Bd3 Bb7 8. Nbd2 O-O 9. O-O d6 10. Qc2 Nbd7 11. Ng5 h6 12. Nge4 Qc7 13. Rac1 Rac8 14. Ng3 a5 15. Qd1 Qb8 16. e4 Qa7 17. Nf3 a4 18. Qd2 Qa5 19. Qf4 Rfd8 20. Rfd1 (20. Qxd6 $2 {too greedy.} Nc5 21. dxc5 Rxd6 22. cxd6 Rd8 $17) 20... Nf8 21. d5 Ng6 22. Qd2 Qc5 23. h3 Rc7 24. dxe6 fxe6 25. Bb1 e5 26. Ne1 Qa5 27. b3 Rf7 (27... Nf4 $14) 28. f3 Ne7 29. Bd3 Qc5+ 30. Kh2 axb3 31. axb3 Nc6 32. Bc2 {[%emt 0:00:54] Threatens to win with Nd3.} Nd4 33. Ne2 (33. Nd3 $16 Qc7 34. Nxb4) 33... Nxe2 $14 34. Qxe2 Nh5 35. Qd2 Nf4 36. Nd3 Nxd3 37. Bxd3 Ra8 38. Ra1 Ra5 39. Bf1 {[%emt 0:01:02] Black should prevent Rxa5.} Rf6 40. Ra4 Rxa4 41. bxa4 Bc6 42. Rb1 Bxa4 43. Qxb4 Bc2 44. Qxc5 dxc5 $11 {[%emt 0:00:15][%mdl 4096] Endgame KRB-KRB} 45. Rc1 Ba4 46. Ra1 Bc6 47. Rb1 Be8 48. Kg3 Rd6 49. Kf2 Kf8 50. Ke3 g5 51. Bd3 Ke7 52. Ra1 Rd7 53. Ra8 Rb7 54. Kd2 h5 55. Kc3 h4 56. Be2 Bf7 57. Bd3 Kf6 58. Ra1 Be6 59. Be2 Rd7 60. Bd3 g4 61. fxg4 Kg5 62. Rf1 Ra7 63. Rf3 Ra2 64. g3 {[%emt 0:00:58] [#]} (64. Bf1 $11) 64... hxg3 $1 $17 65. Rxg3 {[%emt 0:00:03] [#]} Rf2 {[%emt 0:07:29] Repels Rf3} ({Better is} 65... Ra3+ $1 $17 66. Kb2 Kf4 67. Kxa3 Kxg3) 66. Rg1 $11 Rf3 67. Rb1 Rxh3 68. Rxb6 Bxg4 69. Kd2 {[%emt 0:00:27] Repels Be2} Rh6 70. Rb5 Rc6 71. Ke3 Be6 72. Be2 Kf6 73. Rb7 Ra6 74. Rb5 Ra3+ 75. Kf2 Ra2 76. Rb6 $1 Ke7 77. Ke3 Ra3+ 78. Kd2 Kd7 79. Bd3 Ra2+ 80. Kc3 Rg2 81. Ra6 Bg4 82. Ra7+ Kd6 83. Ra6+ Kc7 84. Rf6 Bh3 85. Rh6 Rg3 {[%emt 0:00:13] Strongly threatening ...Bf1.} 86. Kd2 Bd7 87. Kc3 Bc6 88. Kd2 Rg2+ 89. Kc3 Rg4 90. Rh5 Kd6 1/2-1/2

[Event "85th Armenian Mens-ch 2024"]
[Site "Yerevan"]
[Date "2024.11.27"]
[Round "11.6"]
[White "Agasarov, Benik"]
[Black "Babujian, Levon"]
[Result "1-0"]
[ECO "A20"]
[WhiteElo "2410"]
[BlackElo "2330"]
[Annotator "RC"]
[PlyCount "55"]
[EventDate "2024.11.24"]
[EventCountry "ARM"]
[SourceTitle "playchess.com"]
[Source "ChessBase"]
[SourceQuality "1"]
[TimeControl "40/5400+30:1800+30"]

1. c4 e5 2. g3 Nf6 3. Bg2 c6 4. d4 e4 5. a3 d5 6. Nc3 h6 7. f3 Bf5 8. fxe4 dxe4 9. Nh3 c5 10. d5 Bd6 11. O-O Bxh3 12. Bxh3 O-O 13. Qc2 Re8 14. Bf4 Be5 15. Bxe5 Rxe5 16. Rf4 e3 17. Raf1 Nbd7 18. Bxd7 Qxd7 19. Rxf6 gxf6 20. Ne4 Rxe4 21. Qxe4 Re8 22. Qh4 f5 23. Qxh6 Re4 24. Qg5+ Kf8 25. Rxf5 Rxc4 26. Qh6+ Ke7 27. Re5+ Kd8 28. Qf8+ 1-0